 Dungeon Crawl Stone Soup version 0.18-a0-960-g77c8fc5 (webtiles) character file.

90 M4edhros the Charlatan (level 4, -1/28 HPs)
             Began as an Octopode Artificer on Dec 31, 2015.
             Slain by a hound skeleton (3 damage)
             ... on level 4 of the Dungeon.
             The game lasted 00:02:04 (1530 turns).

M4edhros the Charlatan (Octopode Artificer)         Turns: 1530, Time: 00:02:04

Health: -1/28      AC:  1    Str: 10    XL:     4   Next: 56%
Magic:  6/6        EV: 13    Int: 15    God:
Gold:   85         SH:  0    Dex: 12    Spells: 0 memorised, 3 levels left

rFire  . . .     SeeInvis .     a - +0 short sword
rCold  . . .     Gourm    .     (no shield)
rNeg   . . .     Faith    .     (helmet restricted)
rPois  .         Spirit   .     (no amulet)
rElec  .         Dismiss  .     (no ring)
rCorr  .         Reflect  .     (no ring)
SustAt .         Harm     .     (no ring)
MR     .....                    (no ring)
Stlth  +++.......               (no ring)
                                (no ring)
                                (no ring)
                                (no ring)

@: not resistant to hostile enchantments, fairly stealthy
A: almost no armour, amphibious, 8 rings, constrict 8, camouflage 1, gelatinous
body 1
a: no special abilities


You were on level 4 of the Dungeon.
You were hungry.

You visited 1 branch of the dungeon, and saw 4 of its levels.

You collected 85 gold pieces.

Inventory:

Hand Weapons
 a - a +0 short sword (weapon)
 k - a +0 hunting sling
Missiles
 i - 15 stones (quivered)
Jewellery
 j - an uncursed ring of ice
Wands
 b - a wand of flame (15/48)
 c - a wand of enslavement (11/24)
 d - a wand of random effects (15/48)
Scrolls
 e - a scroll of enchant armour {unknown}
 g - a scroll of magic mapping {unknown}
Comestibles
 f - 4 bread rations
 h - 4 fruits
 l - a beef jerky


   Skills:
 - Level 1.0 Fighting
 - Level 1.0 Short Blades
 * Level 1.3 Slings
 * Level 3.3 Dodging
 * Level 3.2 Stealth
 + Level 3.8 Evocations


You had 3 spell levels left.
You didn't know any spells.

Dungeon Overview and Level Annotations

Branches:
Dungeon (4/15)
 Temple: D:4-7

Altars:
Makhleb
Trog


Innate Abilities, Weirdness & Mutations

You cannot wear most types of armour.
You are amphibious.
You can wear up to eight rings at the same time.
You can use your tentacles to constrict eight enemies at once.
Your skin changes colour to match your surroundings (Stealth).
Your rubbery body absorbs attacks (AC +1).


Message History

The quokka bites your hound.
Your hound completely misses the quokka.
The quokka bites your hound but does no damage.
Your hound bites the quokka.
The quokka misses your hound.
Your hound bites the quokka.
The quokka dies!
What do you say? t - Shout!
Orders for allies: a - Attack new target. r - Retreat! s - Stop attacking. w - Wait here. f - Follow me.
Anything else - Stay silent.
Gang up on whom?
Press: ? - help, Dir - move target cursor, f - hound skeleton
Aim: a hound skeleton Attack!
Your hound bites the hound skeleton.
Your hound bites the hound skeleton.
Your hound bites the hound skeleton. x2
The hound skeleton bites you.
You die...

...........###
...........#.# .
.............## ....
............_∩# ....
.............## .....
..........#...##...##
...........####......
####.................
#......†.@Zh.........
#......>.............
#.....#..............
#.....#..............
#.....#....######....
#.... #....# ....
#######....# ...
#.......## .
#.......#


You could see a hound skeleton and a friendly hound.

Vanquished Creatures
  3 adders
  An ooze (D:3)
  A worm (D:4)
  2 ball pythons
  A bat (D:2)
  4 giant cockroaches
  3 goblins (D:2)
  3 hobgoblins
  2 jackals (D:1)
  3 giant newts
  2 kobolds (D:2)
  A quokka skeleton (D:4)
  4 rats
30 creatures vanquished.

Vanquished Creatures (collateral kills)
  A worker ant (D:4)
  A worm (D:2)
  A giant cockroach (D:4)
  A quokka (D:4)
4 creatures vanquished.

Grand Total: 34 creatures vanquished

Notes
Turn   | Place    | Note
--------------------------------------------------------------
     0 | D:1      | M4edhros the Octopode Artificer began the quest for the Orb.
     0 | D:1      | Reached XP level 1. HP: 13/13 MP: 3/3
   116 | D:1      | Reached XP level 2. HP: 6/18 MP: 4/4
   422 | D:2      | Reached XP level 3. HP: 17/23 MP: 5/5
   633 | D:2      | HP: 1/23 [poisoned by an adder]
  1125 | D:3      | Reached XP level 4. HP: 10/28 MP: 6/6
  1445 | D:4      | Found a bloodstained altar of Trog.
  1462 | D:4      | Reached skill level 1 in Slings
  1510 | D:4      | Found a burning altar of Makhleb.
  1516 | D:4      | HP: 1/28 [quokka (3)]
  1530 | D:4      | Slain by a hound skeleton

Vault maps used:
D:1:      nagdon_arrival_double_spiral, corexii_corridor_pit
D:2:      first_bread
D:3:      cheibriados_altar_1
D:4:      old_standard_altar, makhleb_heckhound_becter, serial_shops, shop

Action                   |  1- 3 |  4- 6 || total
-------------------------+-------+-------++-------
Melee: Short sword       |    63 |    13 ||    76
 Fire: Hunting sling     |     2 |       ||     2
Evoke: Wand              |     2 |     2 ||     4
  Use: Potion            |     2 |       ||     2
 Stab: Sleeping          |     6 |     1 ||     7
  Eat: Chunk             |       |     1 ||     1
